 Dungeon Crawl Stone Soup version 0.30-b1-2-g02819fbbbe (webtiles) character file.

Game seed: 15249071554325359080

1789098 Hedron the Hoplite (level 25, 243/243 HPs)
             Began as a Minotaur Berserker on Oct 27, 2023.
             Was the Champion of Trog.
             Escaped with the Orb
             ... and 3 runes on Oct 29, 2023!
             The game lasted 04:19:52 (58021 turns).

Hedron the Hoplite (Minotaur Berserker)            Turns: 58021, Time: 04:19:53

Health: 243/243    AC: 41    Str: 34    XL:     25   Next: 30%
Magic:  22/22      EV: 29    Int:  6    God:    Trog [******]
Gold:   3578       SH: 30    Dex: 19    Spells: 24/24 levels left

rFire   + + .        B - +10 broad axe of Departure {freeze, Int+2}
rCold   + . .        q - +5 tower shield {rF+}
rNeg    . . .        k - +2 gold dragon scales
rPois   +            (helmet restricted)
rElec   +            p - +1 cloak of Starlight {*Dazzle EV+4 Stlth--}
rCorr   .            a - +2 pair of gloves {Str+3}
SInv    .            E - +2 pair of boots
Will    +....        v - amulet "Oxtigul" {Faith Fragile rElec rPois Regen+} Stlth
                     d - +5 ring of evasion
HPRegen 1.40/turn    z - +6 ring of dexterity
MPRegen 0.18/turn

%: faith
@: no status effects
A: horns 2, retaliatory headbutt, iridescent scales 2, poison resistance
0: Orb of Zot
}: 3/15 runes: decaying, serpentine, silver
a: Renounce Religion, Berserk, Trog's Hand, Brothers in Arms


You escaped.
You worshipped Trog.
Trog was exalted by your worship.
You visited 10 branches of the dungeon, and saw 48 of its levels.
You also visited: Ice Cave, Volcano and Wizlab.

You collected 9992 gold pieces.
You spent 6414 gold pieces at shops.

Inventory:

Hand Weapons
 o - the +5 eveningstar of the Thieving Gods {holy, Int+4 SInv}
   (You found it on level 5 of the Lair of Beasts)

   Int:       It affects your intelligence (+4).
   SInv:      It lets you see invisible.
 B - the +10 broad axe of Departure (weapon) {freeze, Int+2}
   (You took it off a deep elf zephyrmancer on level 2 of the Elven Halls)

   Int:       It affects your intelligence (+2).
 Z - a +7 broad axe of flaming
Missiles
 c - 82 poisoned darts
 r - 38 boomerangs (quivered)
 W - 3 throwing nets
Armour
 a - a +2 pair of gloves of strength (worn)
 k - +2 gold dragon scales (worn)
 p - the +1 cloak of Starlight (worn) {*Dazzle EV+4 Stlth--}
   (You found it in a wizard's laboratory)

   *Dazzle:   It may blind those who miss an attack against the wearer in melee
   combat.
   EV:        It affects your evasion (+4).
   Stlth:     It makes you much less stealthy.
 q - a +5 tower shield of fire resistance (worn)
 E - a +2 pair of boots (worn)
 I - a +2 hat
Jewellery
 d - a +5 ring of evasion (left hand)
 u - a ring of protection from cold
 v - the amulet "Oxtigul" (around neck) {Faith Fragile rElec rPois Regen+}
   (You found it on level 2 of the Lair of Beasts)

   [amulet of faith]

   It allows you to gain divine favour quickly.
   rElec:     It insulates you from electricity.
   rPois:     It protects you from poison.
   Regen:     It increases your rate of health regeneration.
   Fragile:   It will be destroyed if unequipped.
 w - the ring of Jaag {rPois rF+ Str+2}
   (You bought it in a shop on level 14 of the Dungeon)

   [ring of protection from fire]

   Str:       It affects your strength (+2).
   rF:        It protects you from fire.
   rPois:     It protects you from poison.
 x - a ring of resist corrosion
 z - a +6 ring of dexterity (right hand)
 K - a +6 ring of dexterity
 N - a ring of willpower
 T - a ring of see invisible
 X - a +6 ring of strength
Wands
 e - a wand of light (24)
 y - a wand of charming (57)
 G - a wand of digging (32)
 M - a wand of mindburst (38)
 Q - a wand of roots (39)
 U - a wand of polymorph (13)
Scrolls
 b - a scroll of fear
 m - 2 scrolls of blinking
 s - 17 scrolls of teleportation
 t - 31 scrolls of identify
 H - 6 scrolls of fog
 R - 5 scrolls of poison
 S - a scroll of summoning
 Y - 5 scrolls of torment
Potions
 f - 16 potions of curing
 g - 5 potions of berserk rage
 h - 6 potions of might
 i - 7 potions of invisibility
 j - 3 potions of attraction
 l - 2 potions of heal wounds
 n - 4 potions of mutation
 A - 3 potions of resistance
 F - 5 potions of ambrosia
 J - 6 potions of cancellation
 O - 4 potions of haste
 P - 9 potions of flight


   Skills:
 + Level 23.1 Fighting
 - Level 18.0 Axes
 - Level 14.7 Throwing
 - Level 22.3 Armour
 - Level 23.1 Dodging
 - Level 7.3 Stealth
 - Level 23.9 Shields
 - Level 16.0 Evocations


You had 24 spell levels left.
You didn't know any spells.
Your spell library was empty.

Dungeon Overview and Level Annotations

Branches:
Dungeon (15/15)            Temple (1/1) D:4            Lair (5/5) D:8
  Swamp (4/4) Lair:3        Snake (4/4) Lair:2        Slime (0/5) Lair:4
    Orc (2/2) D:11            Elf (3/3) Orc:2        Vaults (5/5) D:13
  Crypt (0/3) Vaults:2     Depths (4/4) D:15            Zot (5/5) Depths:4
  IceCv (visited)         Volcano (visited)          WizLab (visited)

Altars:
Ashenzari
Cheibriados
Dithmenos
Elyvilon
Fedhas
Gozag
Hepliaklqana
Kikubaaqudgha
Makhleb
Nemelex Xobeh
Okawaru
Qazlal
Ru
Sif Muna
Trog
Uskayaw
Vehumet
Wu Jian
Xom
Yredelemnul
Zin
The Shining One
Jiyva

Shops:
D:8 [   D:14 =   Orc:2 (**=?   Elf:1 !   Snake:2 **(:   Vaults:1 [(
Vaults:4 [   Vaults:5 !!!?

Portals:
Hell: Depths:1 Depths:2 Depths:3 Depths:4
Abyss: Depths:1 Depths:3
Pandemonium: Depths:2 Depths:3
Ziggurat: Depths:1

Annotations:
Lair:5 exclusion: obsidian statue
Swamp:2 Roxanne
Zot:4 exclusion: 3 lightning spires
Zot:5 exclusion: upstairs


Innate Abilities, Weirdness & Mutations

You have a pair of horns on your head.
You reflexively headbutt those who attack you in melee.
You are mostly covered in iridescent scales. (AC +4)
Your system is resistant to poisons. (rPois)


Message History

The profane servitor completely misses you.
You furiously retaliate!
You headbutt the profane servitor!
You block the profane servitor's attack.
You slice the profane servitor!!
You destroy the profane servitor!
Trog accepts your kill.
Your life force feels restored.
There is a stone staircase leading up here.
You see here a +2 whip of flaming.
You climb upwards.
There is a stone staircase leading down here.
HP restored.
A shadow demon comes into view.
The shadow demon gives a loud, deep croak!
There is a stone staircase leading down here.
The shadow demon gestures.
You slice the shadow demon!! You freeze the shadow demon.
The shadow demon is moderately wounded.
You slash the shadow demon!
The shadow demon is heavily wounded.
You block the shadow demon's attack.
You barely miss the shadow demon. You headbutt the shadow demon!
The shadow demon is severely wounded.
The shadow demon gestures.
You slice the shadow demon!! You freeze the shadow demon.
You kill the shadow demon!
Trog accepts your kill.
The endoplasm dissolves into shadows!
The frilled lizard dissolves into shadows!
There is a stone staircase leading down here.
A hellion comes into view.
The hellion gives a hideous shriek!
You completely miss the hellion. You headbutt the hellion!!
The hellion is heavily wounded.
You slice the hellion!! You freeze the hellion.
You kill the hellion!
Trog accepts your kill.
No target in view!
There is a staircase leading out of the dungeon here.
You have escaped!

#.###.###..............>
#.# #.#################.
#.###)##..##..##...##...
#.##.#..#..###.#.§#..##.
##.##.##§≈##...###.≈.≈##.
#..####.##.####.##.≈§###.
#.####.#..#...#.#.≈##....
#.##.#.######..#.#...###.
#.##§#.#@...####.#.##[##.
#.###.##....###.####.#.#.
#.# ####..##.#...#.#≈#.#.
#.######..#.#.###.#.#.##.
#.#≈≈.≈.##.####≈.#####.##
#####
#.#.>...##.#.....#..#..#.
....#
#.#.....##....#.#.#....#.
###.#
#.#######################
#.# #.# ###############


There were no monsters in sight!

Vanquished Creatures
  A dread lich (Vaults:5)
  2 ancient liches
  A juggernaut (Depths:1)
  Mara (Swamp:3)
  Sojobo (Vaults:5)
  11 caustic shrikes
  A profane servitor (D:2)
  3 golden dragons
  An electric golem (Zot:1)
  13 tentacled monstrosities
  Rupert (D:12)
  5 quicksilver dragons
  A walking earthen tome (Depths:3)
  14 Orb Guardians
  A walking crystal tome (Depths:3)
  3 deep elf master archers (Elf:3)
  5 liches
  5 titans
  3 deep elf blademasters (Elf:3)
  4 death cobs
  9 sphinxes
  An eldritch tentacle (WizLab)
  10 storm dragons
  Kirke (Snake:3)
  7 shadow dragons
  10 tengu reavers
  A fenstrider witch (shapeshifter) (Vaults:5)
  5 draconian monks
  A fenstrider witch (Swamp:4)
  7 fire giants
  5 nagarajas
  2 draconian knights
  19 vault wardens
  6 deep elf sorcerers
  14 frost giants
  Louise (Snake:2)
  An angel (D:4)
  5 spectral caustic shrikes (Depths:2)
  8 draconian stormcallers
  2 spriggan defenders
  4 deep elf elementalists (Elf:3)
  4 draconian shifters
  4 draconian annihilators
  20 ironbound preservers
  2 balrugs
  A caustic shrike skeleton (Depths:3)
  12 very ugly things
  19 stone giants
  6 ironbound thunderhulks
  6 war gargoyles
  6 vampire knights
  3 eleionomae
  The ghost of othur the Warrior, a journeyman DjCj of Ashenzari (Lair:3)
  Nessos (D:12)
  3 deep elf demonologists
  5 purple draconians
  9 green draconians
  7 black draconians
  8 spark wasps
  8 white draconians
  5 bunyips
  5 yellow draconians
  7 red draconians
  10 dire elephants
  12 deep elf annihilators
  A merfolk javelineer (Depths:1)
  9 ettins
  A blizzard demon (D:8)
  3 deep elf death magi (Elf:3)
  An entropy weaver (shapeshifter) (D:15)
  6 fire dragons
  A merfolk impaler (Depths:2)
  19 yaktaur captains
  Harold (D:11)
  2 shambling mangroves (Swamp:4)
  The ghost of Farlane the Grappler, a journeyman TrTm (Lair:2)
  2 entropy weavers (Vaults:4)
  Josephine (D:11)
  8 great orbs of eyes
  Fannar (Lair:3)
  30 vault guards
  4 deep elf high priests
  2 peacekeepers
  14 ironbound frosthearts
  6 rakshasas
  A hell beast (Depths:3)
  6 ice dragons
  A catoblepas (Lair:5)
  3 ogre magi (Vaults:5)
  5 salamander tyrants
  3 ghost crabs
  2 boulder beetles
  7 spriggan air magi
  An anaconda (shapeshifter) (Vaults:5)
  12 hydras
  10 anacondas
  2 death knights
  16 centaur warriors
  7 alligators
  6 deep troll shamans
  12 naga warriors
  A boulder beetle (shapeshifter) (Depths:4)
  4 deep troll earth magi
  7 two-headed ogres
  28 dancing weapons
  2 tengu warriors
  9 naga sharpshooters
  3 vampire magi
  6 death yaks
  8 shock serpents
  4 orc high priests
  5 spriggan berserkers
  3 sun demons
  6 hell knights
  3 soul eaters
  12 deep elf knights
  A shock serpent (shapeshifter) (Depths:3)
  2 sixfirhies
  3 skysharks
  2 spectral death yaks
  A shadow wraith (Vaults:4)
  A skeletal warrior (D:11)
  The ghost of Ralhos the Cleaver, a novice MiBe of Trog (D:7)
  3 salamander mystics
  74 deep trolls
  2 flayed ghosts
  6 iron trolls
  A spectral anaconda (Lair:5)
  6 swamp dragons
  A quicksilver dragon simulacrum (Depths:3)
  A sea snake (Snake:4)
  A swamp dragon (shapeshifter) (Vaults:5)
  5 glowing orange brains
  3 shadow demons
  6 spriggan druids
  7 naga ritualists
  7 orc knights
  4 bog bodies
  15 ironbound convokers
  Pikel (D:8)
  2 obsidian statues
  13 phantasmal warriors
  14 deep elf archers
  An orange crystal statue (IceCv)
  8 lindwurms
  7 wizards
  An anaconda skeleton (WizLab)
  5 harpies (Vaults:1)
  A spectral hydra (Lair:2)
  7 necromancers
  48 deep elf pyromancers
  A golden dragon skeleton (Depths:3)
  31 deep elf zephyrmancers
  A lindwurm (shapeshifter) (Vaults:1)
  2 will-o-the-wisps
  2 manticores
  5 orc sorcerers
  A tengu skeleton (Depths:3)
  9 mana vipers
  A wolf spider (Vaults:5)
  A shining eye (shapeshifter) (Vaults:1)
  45 ugly things
  A worldbinder (WizLab)
  16 elephants
  20 salamanders
  An elephant (shapeshifter) (Depths:4)
  8 cyclopes
  A large abomination (WizLab)
  The ghost of othur the Basher, a novice GrFi of Gozag (D:6)
  13 guardian serpents
  A guardian serpent (shapeshifter) (Vaults:5)
  14 naga magi
  14 moths of wrath
  A dire elephant zombie (Lair:5)
  An ice statue (Lair:3)
  A torpor snail (Lair:3)
  A water nymph (shapeshifter) (Depths:3)
  A smoke demon (D:13)
  10 vault sentinels
  30 black mambas
  3 orange demons
  13 cane toads
  An eye of devastation (shapeshifter) (Vaults:1)
  2 gargoyles
  2 swamp worm zombies (Swamp:4)
  A hellion (D:1)
  A yaktaur (shapeshifter) (D:14)
  A kobold demonologist (D:11)
  3 unseen horrors
  56 yaktaurs
  16 rime drakes
  4 freezing wraiths
  3 efreet
  An ice devil (D:13)
  2 tengu conjurers
  8 komodo dragons
  4 hydra zombies (Swamp:4)
  2 red devils
  8 trolls
  2 hellwings
  A bloated husk (Swamp:4)
  A wind drake (shapeshifter) (Vaults:1)
  Prince Ribbit (D:8)
  14 tyrant leeches
  8 hornets
  17 polar bears
  A tarantella (shapeshifter) (Depths:3)
  5 spectral swamp dragons (Swamp:4)
  An alligator zombie (Swamp:4)
  12 blink frogs
  2 dream sheep (D:9)
  26 slime creatures
  An air elemental (Elf:2)
  A deep troll skeleton (WizLab)
  A ynoxinul (D:13)
  3 shadows
  11 wraiths
  9 wyverns
  52 yaks
  A culicivora (shapeshifter) (Elf:2)
  A spriggan (shapeshifter) (Vaults:5)
  10 water elementals
  9 spriggans
  4 fire elementals
  A basilisk (shapeshifter) (Elf:1)
  6 hogs (Snake:3)
  A redback (Vaults:4)
  6 vampire mosquitoes
  2 fire bats (Volcano)
  A neqoxec (D:13)
  3 death yak simulacra
  3 basilisks
  A steam dragon (Volcano)
  4 chaos spawn
  7 spatial vortices (WizLab)
  14 swamp worms
  A warg (Orc:2)
  A hydra simulacrum (Lair:2)
  37 nagas
  3 acid dragons
  A hell hound (WizLab)
  A glowing shapeshifter skeleton (Depths:3)
  12 water moccasins
  A human skeleton (WizLab)
  A small abomination (WizLab)
  23 orc warriors
  3 sky beasts
  2 swamp drakes
  5 black bears
  5 ice beasts (D:6)
  An elephant zombie (Lair:5)
  3 swamp dragon zombies (Swamp:4)
  9 ogres
  16 wolves
  5 boggarts
  17 centaurs
  A lemure (D:8)
  2 elephant skeletons (Lair:5)
  7 phantoms
  6 kobold brigands
  6 bullfrogs
  4 earth elementals
  A cane toad simulacrum (Lair:5)
  2 scorpions
  3 wights (D:8)
  2 elephant simulacra (Lair:5)
  2 dream sheep simulacra (Lair:2)
  20 killer bees
  7 howler monkeys
  5 electric eels
  A lava snake (Lair:2)
  A komodo dragon simulacrum (Lair:2)
  7 quasits
  3 hounds
  5 jellies
  19 orc priests
  2 sleepcaps
  4 iguanas
  18 orc wizards
  2 spectral swamp drakes (Swamp:4)
  2 centaur simulacra (D:6)
  A killer bee simulacrum (D:6)
  A swamp drake zombie (Swamp:4)
  6 adders
  12 gnolls
  10 white imps
  2 worms
  3 dart slugs
  60 orcs
  3 ball pythons
  3 bats
  16 endoplasms
  2 giant cockroaches
  11 goblins
  7 hobgoblins
  2 jackals (D:1)
  21 kobolds
  4 quokkas
  5 frilled lizards
  8 rats
1993 creatures vanquished.

Vanquished Creatures (collateral kills)
  Vv (Depths:2)
  Xtahua (Vaults:4)
  A golden dragon (Depths:3)
  A bone dragon (Swamp:4)
  A tengu reaver (Depths:3)
  A nagaraja (Snake:4)
  A frost giant (Depths:3)
  An ironbound preserver (Vaults:1)
  An ironbound thunderhulk (Vaults:1)
  A ghost crab (Swamp:4)
  A flayed ghost (Depths:3)
  4 deep trolls (Vaults:1)
  A sea snake (Snake:4)
  A phantasmal warrior (Swamp:4)
  3 ugly things (Vaults:1)
  A will-o-the-wisp (Swamp:4)
  A naga mage (Snake:4)
  2 vault sentinels (Vaults:1)
  A komodo dragon (shapeshifter) (Depths:3)
  A bloated husk (Swamp:4)
  2 nagas (Snake:4)
  A phantom (Swamp:4)
29 creatures vanquished.

Vanquished Creatures (others)
  A draconian knight (Zot:2)
  A ghost moth (Zot:2)
  2 black draconians (Zot:4)
  A deep elf death mage (Elf:1)
  A shock serpent (Zot:4)
  A deep elf knight (Elf:1)
  A goliath frog (Swamp:4)
  A wizard (WizLab)
  A will-o-the-wisp (Swamp:4)
  A polar bear (IceCv)
  3 bloated husks (Swamp:4)
  A wyvern (Volcano)
  2 lava snakes (Lair:2)
  An orc (D:11)
  9 demonic plants (D:13)
  20 foxfires
  7 fungi
  57 plants
  18 withered plants (Lair:5)
129 creatures vanquished.

Grand Total: 2151 creatures vanquished

Notes
Turn   | Place    | Note
-------+----------+-------------------------------------------
     0 | D:1      | Hedron the Minotaur Berserker began the quest for the Orb.
     0 | D:1      | Reached XP level 1. HP: 19/19 MP: 0/0
   138 | D:1      | Reached XP level 2. HP: 27/27 MP: 1/1
   619 | D:1      | Reached XP level 3. HP: 31/33 MP: 2/2
   675 | D:1      | Reached ** piety under Trog
   676 | D:1      | Reached skill level 5 in Axes
  1603 | D:3      | Reached XP level 4. HP: 40/40 MP: 3/3
  2020 | D:3      | Reached XP level 5. HP: 46/46 MP: 4/4
  2083 | D:3      | Found a glowing silver altar of Zin.
  2093 | D:3      | Found a radiant altar of Vehumet.
  2465 | D:4      | Found a shadowy altar of Dithmenos.
  2478 | D:4      | Reached XP level 6. HP: 34/52 MP: 5/5
  2618 | D:4      | Reached *** piety under Trog
  2690 | D:4      | Found a blossoming altar of Fedhas.
  2770 | D:4      | Found an opulent altar of Gozag.
  2770 | D:4      | Found a sparkling altar of Nemelex Xobeh.
  2877 | D:4      | Found a staircase to the Ecumenical Temple.
  3028 | D:4      | Found a broken altar of Ashenzari.
  3158 | Temple   | Entered the Ecumenical Temple
  3339 | D:5      | Entered Level 5 of the Dungeon
  3382 | D:5      | Reached XP level 7. HP: 54/58 MP: 6/6
  3559 | D:5      | Reached skill level 10 in Axes
  4083 | D:6      | Reached XP level 8. HP: 65/66 MP: 7/7
  4246 | D:6      | Found a runed translucent gate.
  4247 | D:6      | Found a runed translucent gate.
  4276 | D:6      | Noticed othur's ghost (novice GrFi)
  4303 | D:6      | Found a runed translucent gate.
  4512 | D:6      | Reached **** piety under Trog
  4609 | D:6      | Found a burning altar of Makhleb.
  4634 | D:6      | Found a shimmering altar of Xom.
  4636 | D:6      | Found a burning altar of Makhleb.
  4636 | D:6      | Found a radiant altar of Vehumet.
  4638 | D:6      | Found a hazy altar of Hepliaklqana.
  4638 | D:6      | Found an ancient bone altar of Kikubaaqudgha.
  4638 | D:6      | Found an opulent altar of Gozag.
  4714 | D:6      | Reached XP level 9. HP: 71/71 MP: 8/8
  4722 | D:6      | Reached skill level 5 in Armour
  5306 | D:7      | Found a transporter.
  5311 | D:7      | Noticed Ralhos's ghost (novice MiBe)
  5722 | D:8      | Noticed Prince Ribbit
  5736 | D:8      | Killed Prince Ribbit
  5737 | D:8      | Reached skill level 10 in Armour
  6109 | D:8      | Reached XP level 10. HP: 78/78 MP: 9/9
  6188 | D:8      | Noticed a death yak
  6192 | D:8      | Reached skill level 5 in Dodging
  6197 | D:8      | Noticed a death yak
  6203 | D:8      | Noticed a death yak
  6204 | D:8      | Killed a death yak
  6211 | D:8      | Killed a death yak
  6215 | D:8      | Killed a death yak
  6351 | D:8      | Found a staircase to the Lair.
  6351 | D:8      | Noticed Pikel
  6380 | D:8      | Killed Pikel
  6540 | D:8      | Noticed a death yak
  6540 | D:8      | Noticed a death yak
  6553 | D:8      | Killed a death yak
  6554 | D:8      | Reached skill level 10 in Dodging
  6563 | D:8      | Killed a death yak
  6564 | D:8      | Reached skill level 5 in Fighting
  6770 | D:8      | Found Xadiunn's Antique Armour Shoppe.
  6866 | D:8      | Reached XP level 11. HP: 89/89 MP: 10/10
  7058 | Lair:1   | Entered Level 1 of the Lair of Beasts
  7518 | Lair:1   | Found a dark tunnel.
  7524 | Volcano  | Entered a volcano
  7798 | Volcano  | Noticed a two-headed ogre
  7824 | Volcano  | Noticed a two-headed ogre
  7827 | Volcano  | Reached skill level 10 in Fighting
  7827 | Volcano  | Reached skill level 1 in Throwing
  7830 | Volcano  | Killed a two-headed ogre
  8621 | Lair:2   | Reached skill level 5 in Throwing
  8760 | Lair:2   | Found a runed translucent gate.
  8760 | Lair:2   | Found a runed translucent gate.
  8760 | Lair:2   | Found a runed translucent gate.
  8930 | Lair:2   | Noticed a skyshark
  8939 | Lair:2   | Killed a skyshark
  9224 | Lair:2   | Found a staircase to the Snake Pit.
  9230 | Lair:2   | Reached XP level 12. HP: 79/106 MP: 11/11
  9233 | Lair:2   | Reached skill level 1 in Shields
  9415 | Lair:2   | Noticed an eight-headed hydra
  9423 | Lair:2   | Killed an eight-headed hydra
  9952 | Lair:2   | Noticed Farlane's ghost (journeyman TrTm)
 10054 | Lair:3   | Noticed Fannar
 10172 | Lair:3   | Found a transporter.
 10184 | Lair:3   | Noticed othur's ghost (journeyman DjCj)
 10196 | Lair:3   | Found a transporter.
 10469 | Lair:3   | Found a staircase to the Swamp.
 10486 | Lair:3   | Reached skill level 5 in Shields
 10726 | Lair:3   | Killed Fannar
 11433 | Lair:4   | Found a staircase to the Slime Pits.
 11434 | Lair:4   | Found a viscous altar of Jiyva.
 11575 | Lair:4   | Reached skill level 10 in Shields
 12230 | Lair:4   | Reached skill level 1 in Evocations
 12593 | D:9      | Reached XP level 13. HP: 113/113 MP: 12/12
 12595 | D:9      | Found a bloodstained altar of Trog.
 12958 | D:9      | Reached ***** piety under Trog
 12959 | D:9      | Reached skill level 5 in Evocations
 13210 | D:9      | Found a glowing golden altar of the Shining One.
 13210 | D:9      | Found an ancient bone altar of Kikubaaqudgha.
 13216 | D:9      | Found an ornate altar of the Wu Jian Council.
 13218 | D:9      | Found a faded altar of an unknown god.
 13220 | D:9      | Found a faded altar of an unknown god.
 13285 | D:10     | Entered Level 10 of the Dungeon
 13656 | D:10     | Found a basalt altar of Yredelemnul.
 14325 | D:11     | Noticed Josephine
 14326 | D:11     | Identified the +9 broad axe of Fear {freeze, Int+2}
 14334 | D:11     | Killed Josephine
 14986 | D:11     | Reached skill level 15 in Axes
 15053 | D:11     | Identified the +4 quarterstaff of Disaster {drain, rElec
                  | rN+++ rCorr Dex-4}
 15301 | D:11     | Received a gift from Trog
 15347 | D:11     | Noticed Harold
 15358 | D:11     | Killed Harold
 15433 | D:11     | Found a staircase to the Orcish Mines.
 15466 | D:11     | Identified the +2 leather armour of Ynoirre {Regen+ Str+2}
 15498 | D:12     | Noticed Nessos
 15514 | D:12     | Killed Nessos
 15518 | D:12     | Reached XP level 14. HP: 68/121 MP: 13/13
 16354 | D:12     | Noticed Rupert
 16364 | D:12     | Paralysed by Rupert for 3 turns
 16370 | D:12     | Killed Rupert
 17388 | D:13     | Gained mutation: You are frail. (-10% HP) [a neqoxec]
 17408 | D:13     | Lost mutation: You are frail. (-10% HP) [potion of
                  | mutation]
 17408 | D:13     | Gained mutation: You are agile. (Dex +4, Str/Int -1)
                  | [potion of mutation]
 17408 | D:13     | Gained mutation: Your body sometimes deteriorates upon
                  | taking damage. [potion of mutation]
 17408 | D:13     | Gained mutation: You are dopey. (Int -2) [potion of
                  | mutation]
 17409 | D:13     | Lost mutation: Your body sometimes deteriorates upon taking
                  | damage. [potion of mutation]
 17409 | D:13     | Lost mutation: You are agile. (Dex +4, Str/Int -1) [potion
                  | of mutation]
 17409 | D:13     | Lost mutation: You are dopey. (Int -2) [potion of mutation]
 17409 | D:13     | Gained mutation: You are agile. (Dex +4, Str/Int -1)
                  | [potion of mutation]
 17409 | D:13     | Gained mutation: You are strong-willed. (Will+) [potion of
                  | mutation]
 17409 | D:13     | Lost mutation: You are agile. (Dex +4, Str/Int -1) [potion
                  | of mutation]
 17409 | D:13     | Gained mutation: You passively dampen the noise of your
                  | surroundings. [potion of mutation]
 17912 | D:13     | Received a gift from Trog
 18253 | D:13     | Found a gate to the Vaults.
 18479 | D:14     | Found Ynnothr Lenk's Jewellery Shoppe.
 18923 | D:14     | Identified the +5 leather armour of Xeywim Pyaru {Dex+3}
 19157 | D:14     | Bought the ring of Jaag {rPois rF+ Str+2} for 606 gold
                  | pieces
 19305 | D:8      | Bought a shiny plate armour for 702 gold pieces
 19392 | Lair:5   | Entered Level 5 of the Lair of Beasts
 20494 | Lair:5   | Reached XP level 15. HP: 97/133 MP: 14/14
 20748 | Lair:5   | Received a gift from Trog
 21332 | Lair:5   | Identified the +5 eveningstar of the Thieving Gods {holy,
                  | Int+4 SInv}
 21559 | Orc:1    | Entered Level 1 of the Orcish Mines
 21729 | Orc:2    | Entered Level 2 of the Orcish Mines
 22254 | Orc:2    | Found a staircase to the Elven Halls.
 22454 | Orc:2    | Found Baebreycvu's Magic Scroll Shoppe.
 22457 | Orc:2    | Bought a scroll of enchant armour for 90 gold pieces
 22457 | Orc:2    | Bought a scroll of blinking for 90 gold pieces
 22457 | Orc:2    | Bought a scroll of enchant armour for 90 gold pieces
 22886 | Orc:2    | Reached ****** piety under Trog
 22894 | Orc:2    | Found Wugaor's Jewellery Shop.
 22949 | Orc:2    | Received a gift from Trog
 23096 | Orc:2    | Found Siarch's Assorted Antiques.
 23099 | Orc:2    | Found Wiorgh's General Store.
 23120 | Orc:2    | Found Qirhyeh's Antique Weapon Shop.
 23126 | Orc:2    | Bought a scroll labelled NUATAO LACRE for 20 gold pieces
 23128 | Orc:2    | Bought a pair of glowing gloves for 150 gold pieces
 23142 | Orc:2    | Bought a marble ring for 100 gold pieces
 23571 | Lair:2   | Killed Farlane's ghost
 23586 | Lair:2   | Identified the amulet "Oxtigul" {Faith Fragile rElec rPois
                  | Regen+}
 23745 | D:6      | Killed othur's ghost
 23854 | D:7      | Found a transporter.
 23881 | D:7      | Killed Ralhos's ghost
 24056 | Lair:3   | Killed othur's ghost
 24148 | Lair:3   | Identified the +0 acid dragon scales of Wonderful Music
                  | {Fly Regen+ rCorr Dex+7}
 24242 | Snake:1  | Entered Level 1 of the Snake Pit
 24275 | Snake:1  | Reached skill level 15 in Shields
 24510 | Orc:2    | Bought a runed plate armour for 520 gold pieces
 25204 | Snake:2  | Found Picolef's Weapon Boutique.
 25209 | Snake:2  | Found Rolluxogh's Book Boutique.
 25209 | Snake:2  | Found Irrac's Assorted Antiques.
 25216 | Snake:2  | Received a gift from Trog
 25227 | Snake:2  | Reached XP level 16. HP: 119/146 MP: 15/15
 25257 | Snake:2  | Found Azumy's Assorted Antiques.
 25512 | Snake:2  | Noticed Louise
 25538 | Snake:2  | Killed Louise
 26330 | Snake:3  | Received a gift from Trog
 26599 | Snake:3  | Noticed Kirke
 26640 | Snake:3  | Found a shadowy altar of Dithmenos.
 26795 | Snake:3  | Killed Kirke
 27197 | Snake:2  | Bought an ichor-stained scale mail for 342 gold pieces
 27197 | Snake:2  | Identified the +0 scale mail "Igajes" {SInv} (You bought it
                  | in a shop on level 2 of the Snake Pit)
 27236 | Snake:4  | Entered Level 4 of the Snake Pit
 27422 | Snake:4  | Received a gift from Trog
 27803 | Snake:4  | Reached skill level 10 in Evocations
 28221 | Snake:4  | Received a gift from Trog
 28298 | Snake:4  | Reached XP level 17. HP: 107/152 MP: 16/16
 28678 | Snake:4  | Reached skill level 15 in Fighting
 28714 | Snake:4  | Received a gift from Trog
 28735 | Snake:4  | Got a serpentine rune of Zot
 28953 | Swamp:1  | Entered Level 1 of the Swamp
 29031 | Swamp:1  | Identified the +1 robe of the Vaults {rElec rF+ SInv}
 29478 | Swamp:2  | Identified Roxanne's Thoughts on Tephra
 29478 | Swamp:2  | Noticed Roxanne
 29716 | Swamp:2  | Identified a scroll of acquirement
 29717 | Swamp:2  | Acquired 1156 gold pieces
 29864 | Swamp:2  | Reached skill level 15 in Armour
 29878 | Swamp:2  | Found the ring of the Mage {Wiz Archmagi}
 30264 | Swamp:3  | Noticed Mara
 30272 | Swamp:3  | Noticed Hedron's illusion
 30283 | Swamp:3  | Killed Mara
 30365 | Swamp:3  | Received a gift from Trog
 30421 | Swamp:3  | Reached skill level 1 in Stealth
 30744 | Swamp:4  | Entered Level 4 of the Swamp
 31000 | Swamp:4  | Paralysed by a fenstrider witch for 4 turns
 31066 | Swamp:4  | Reached skill level 5 in Stealth
 31304 | Swamp:4  | Reached XP level 18. HP: 166/166 MP: 17/17
 31380 | Swamp:4  | Received a gift from Trog
 31391 | Swamp:4  | Noticed a bone dragon
 31404 | Swamp:4  | Killed a bone dragon
 31459 | Swamp:4  | Got a decaying rune of Zot
 31896 | D:15     | Entered Level 15 of the Dungeon
 31974 | D:15     | Found a frozen archway.
 31981 | IceCv    | Entered an ice cave
 32314 | IceCv    | Received a gift from Trog
 33376 | D:15     | Found a staircase to the Depths.
 33638 | Vaults:1 | Entered Level 1 of the Vaults
 33859 | Vaults:1 | Received a gift from Trog
 34090 | Vaults:1 | Found Labiett's Weapon Shoppe.
 34126 | Vaults:1 | Received a gift from Trog
 34327 | Vaults:1 | Reached XP level 19. HP: 69/179 MP: 18/18
 34332 | Vaults:1 | Reached skill level 15 in Dodging
 34719 | Vaults:1 | Found Dynuen's Armour Shop.
 34866 | Vaults:1 | Gained mutation: You are frail. (-10% HP) [a shining eye]
 34867 | Vaults:1 | Received a gift from Trog
 35659 | Vaults:1 | Reached skill level 10 in Throwing
 35828 | Vaults:2 | Found a staircase to the Crypt.
 36643 | Vaults:3 | Received a gift from Trog
 37122 | Vaults:3 | Identified the +1 chain mail of the Well-Known Lives {rC-
                  | Int+6 Dex+5}
 37129 | Vaults:3 | You fall into a shaft and drop 1 floor!
 37160 | Vaults:4 | Noticed Xtahua
 37169 | Vaults:4 | Killed Xtahua
 37312 | Vaults:4 | Found Raino's Armour Shop.
 37319 | Vaults:4 | Bought a +2 hat for 256 gold pieces
 37367 | Vaults:4 | Found a magical portal.
 37376 | WizLab   | Entered The Roulette of Golubria
 37376 | WizLab   | Found a transporter.
 37383 | WizLab   | Found the +2 cloak of the Thief {*Fog Slay-2 SInv Stlth+}
 37383 | WizLab   | Found a corrupted altar of Lugonu.
 37388 | WizLab   | Received a gift from Trog
 37396 | WizLab   | Found a transporter.
 37500 | WizLab   | Reached XP level 20. HP: 168/168 MP: 19/19
 37501 | WizLab   | Found a transporter.
 37501 | WizLab   | Found a transporter.
 37538 | WizLab   | Found a transporter.
 37630 | WizLab   | Found a corrupted altar of Lugonu.
 37636 | WizLab   | Found a transporter.
 37642 | WizLab   | Found a corrupted altar of Lugonu.
 37671 | WizLab   | Found a transporter.
 37817 | WizLab   | Found the +1 cloak of Starlight {*Dazzle EV+4 Stlth--}
 37822 | WizLab   | Found a transporter.
 37822 | WizLab   | Found a transporter.
 37875 | WizLab   | Identified the +0 cloak of the Comet {rPois Will++ MP+9
                  | Str-3}
 37884 | WizLab   | Identified the +0 cloak of Integrity {rF++ Will+}
 37944 | WizLab   | Found a transporter.
 37944 | WizLab   | Found a transporter.
 37973 | WizLab   | Found a transporter.
 37973 | WizLab   | Found a transporter.
 37996 | WizLab   | Found a transporter.
 37996 | WizLab   | Found a transporter.
 38031 | WizLab   | Found a transporter.
 38031 | WizLab   | Found a transporter.
 38063 | WizLab   | Found a transporter.
 38118 | WizLab   | Found a transporter.
 38144 | WizLab   | Found a transporter.
 38305 | Vaults:4 | Received a gift from Trog
 38672 | Vaults:4 | Received a gift from Trog
 39573 | Depths:1 | Entered Level 1 of the Depths
 39636 | Depths:1 | Found a one-way gate to the infinite horrors of the Abyss.
 39661 | Depths:1 | Found a gateway to Hell.
 39818 | Depths:1 | Found a one-way gateway to a ziggurat.
 39858 | Depths:1 | Received a gift from Trog
 40464 | Depths:1 | Noticed a juggernaut
 40489 | Depths:1 | Killed a juggernaut
 40489 | Depths:1 | Received a gift from Trog
 40490 | Depths:1 | Reached XP level 21. HP: 150/174 MP: 20/20
 40675 | Depths:2 | Noticed Vv
 40695 | Depths:2 | Killed Vv
 40754 | Depths:2 | Identified the staff of earth "Togaokha" {+Blink Will-
                  | Str+4 Int+3}
 41030 | Depths:1 | Received a gift from Trog
 41206 | Depths:2 | Reached skill level 15 in Evocations
 41343 | Depths:2 | Found a one-way gate leading to the halls of Pandemonium.
 41803 | Depths:2 | Received a gift from Trog
 42140 | Depths:3 | Noticed a golden dragon
 42172 | Depths:3 | Killed a golden dragon
 42273 | Depths:3 | Noticed a caustic shrike
 42274 | Depths:3 | Noticed a caustic shrike
 42340 | Depths:3 | Killed a caustic shrike
 42392 | Depths:3 | Killed a caustic shrike
 42458 | Depths:3 | Received a gift from Trog
 42462 | Depths:3 | Found a white marble altar of Elyvilon.
 42939 | Depths:3 | Noticed an ancient lich
 42952 | Depths:3 | Killed an ancient lich
 42953 | Depths:3 | Reached XP level 22. HP: 145/189 MP: 21/21
 43628 | Depths:4 | Entered Level 4 of the Depths
 43918 | Depths:4 | Noticed a caustic shrike
 43921 | Depths:4 | Noticed a caustic shrike
 43923 | Depths:4 | Noticed a caustic shrike
 43928 | Depths:4 | Noticed a caustic shrike
 43931 | Depths:4 | Killed a caustic shrike
 43936 | Depths:4 | Killed a caustic shrike
 43936 | Depths:4 | Received a gift from Trog
 43937 | Depths:4 | Killed a caustic shrike
 43940 | Depths:4 | Killed a caustic shrike
 44305 | Depths:4 | Found a gate to the Realm of Zot.
 44333 | Depths:4 | Found a hazy altar of Hepliaklqana.
 44360 | Depths:4 | Noticed a golden dragon
 44361 | Depths:4 | Noticed a caustic shrike
 44361 | Depths:4 | Noticed a caustic shrike
 44361 | Depths:4 | Noticed a caustic shrike
 44362 | Depths:4 | Noticed a caustic shrike
 44363 | Depths:4 | Noticed a caustic shrike
 44371 | Depths:4 | Killed a golden dragon
 44376 | Depths:4 | Killed a caustic shrike
 44380 | Depths:4 | Killed a caustic shrike
 44385 | Depths:4 | Killed a caustic shrike
 44388 | Depths:4 | Killed a caustic shrike
 44396 | Depths:4 | Killed a caustic shrike
 45270 | Orc:2    | Bought a slimy war axe for 238 gold pieces
 45270 | Orc:2    | Identified the +11 war axe "Movim" {holy, rF- Str+2 Int+7}
                  | (You bought it in a shop on level 2 of the Orcish Mines)
 45296 | Elf:1    | Entered Level 1 of the Elven Halls
 45342 | Elf:1    | Received a gift from Trog
 45533 | Elf:1    | Found Usewieciy's Distillery.
 45560 | Elf:1    | Bought a potion of haste for 160 gold pieces
 45560 | Elf:1    | Bought a potion of invisibility for 128 gold pieces
 45560 | Elf:1    | Bought a potion of heal wounds for 80 gold pieces
 45922 | Elf:1    | Acquired 510 gold pieces
 46420 | Elf:1    | Received a gift from Trog
 46567 | Elf:2    | Found a runed translucent gate.
 46971 | Elf:2    | Identified the +10 broad axe of Departure {freeze, Int+2}
 46984 | Elf:2    | Received a gift from Trog
 47161 | Elf:2    | Found a runed translucent gate.
 47161 | Elf:2    | Found a runed translucent gate.
 47520 | Elf:2    | Reached XP level 23. HP: 200/200 MP: 12/22
 47873 | Elf:3    | Entered Level 3 of the Elven Halls
 47876 | Elf:3    | Paralysed by an air elemental for 1 turns
 48094 | Elf:3    | Received a gift from Trog
 48934 | Elf:3    | Gained mutation: Your magical capacity is low. (-10% MP) [a
                  | cacodemon]
 48936 | Elf:3    | Identified the +9 battleaxe "Padenawka" {antimagic, rPois}
                  | (Trog gifted it to you on level 3 of the Elven Halls)
 48936 | Elf:3    | Received a gift from Trog
 49141 | Elf:3    | Identified the +9 flail of Tyeduciw {flame, Drain rElec
                  | rPois Str+6}
 49438 | Elf:3    | Identified the +4 ring mail of Lust {rN+ Will++ rCorr
                  | Str-5}
 49439 | Elf:3    | Identified the +3 ring mail "Pibin" {rF+ rC+ rN+ Regen+}
 49524 | Elf:3    | Acquired 924 gold pieces
 49566 | Elf:3    | Identified the +0 ring mail of Limitation {rElec}
 49585 | Elf:3    | Identified the staff of fire "Yramos" {rF+ Will+}
 49595 | Elf:3    | Identified the staff of conjuration "Jieciv Uqira" {Dex+3}
 50090 | Vaults:5 | Entered Level 5 of the Vaults
 50091 | Vaults:5 | Noticed an ancient lich
 50099 | Vaults:5 | Killed an ancient lich
 50369 | Vaults:5 | Received a gift from Trog
 50638 | Vaults:5 | Identified the +8 chain mail "Itsul" {Harm}
 51194 | Vaults:5 | Identified the +11 hand axe of a Labyrinth {flame, rF+}
                  | (Trog gifted it to you on level 5 of the Vaults)
 51194 | Vaults:5 | Received a gift from Trog
 51350 | Vaults:5 | Identified the +0 leather armour of Mosujeaz {Will+ rCorr}
 51692 | Vaults:5 | Found Hoarhepa's Magic Scroll Shop.
 51719 | Vaults:5 | Received a gift from Trog
 51720 | Vaults:5 | Reached XP level 24. HP: 189/207 MP: 8/19
 51738 | Vaults:5 | Bought a scroll of blinking for 157 gold pieces
 51738 | Vaults:5 | Bought a scroll of poison for 84 gold pieces
 51738 | Vaults:5 | Bought a scroll of enchant armour for 157 gold pieces
 51738 | Vaults:5 | Bought a scroll of teleportation for 63 gold pieces
 51738 | Vaults:5 | Bought a scroll of blinking for 157 gold pieces
 52406 | Vaults:5 | Noticed Sojobo
 52440 | Vaults:5 | Paralysed by an air elemental for 1 turns
 52447 | Vaults:5 | Killed Sojobo
 52691 | Vaults:5 | Found Ybeerch's Distillery.
 52706 | Vaults:5 | Bought 2 potions of mutation for 320 gold pieces
 52706 | Vaults:5 | Bought a potion of invisibility for 160 gold pieces
 52706 | Vaults:5 | Bought a potion of mutation for 160 gold pieces
 52706 | Vaults:5 | Bought a potion of cancellation for 160 gold pieces
 52763 | Vaults:5 | Found Ucsemoq's Distillery.
 52913 | Vaults:5 | Bought 2 potions of ambrosia for 304 gold pieces
 52913 | Vaults:5 | Bought a potion of haste for 190 gold pieces
 52913 | Vaults:5 | Bought a potion of invisibility for 152 gold pieces
 52913 | Vaults:5 | Bought a potion of might for 76 gold pieces
 52913 | Vaults:5 | Bought a potion of haste for 190 gold pieces
 52913 | Vaults:5 | Bought a potion of mutation for 152 gold pieces
 53036 | Vaults:5 | Received a gift from Trog
 53129 | Vaults:5 | Found Wogekkogg's Distillery.
 53134 | Vaults:5 | Bought a potion of invisibility for 96 gold pieces
 53134 | Vaults:5 | Bought a potion of haste for 120 gold pieces
 53134 | Vaults:5 | Bought a potion of mutation for 96 gold pieces
 53134 | Vaults:5 | Bought a potion of might for 48 gold pieces
 53189 | Vaults:5 | Identified the +6 arbalest "Giantslayer" {flame, Int+3
                  | Stlth+}
 53390 | Vaults:5 | Noticed a dread lich
 53405 | Vaults:5 | Killed a dread lich
 53621 | Vaults:5 | Identified the +0 crystal plate armour of Pussys {Regen+}
 53652 | Vaults:5 | Got a silver rune of Zot
 54069 | Vaults:5 | Lost mutation: You are strong-willed. (Will+) [potion of
                  | mutation]
 54069 | Vaults:5 | Lost mutation: Your magical capacity is low. (-10% MP)
                  | [potion of mutation]
 54069 | Vaults:5 | Lost mutation: You are frail. (-10% HP) [potion of
                  | mutation]
 54069 | Vaults:5 | Lost mutation: You passively dampen the noise of your
                  | surroundings. [potion of mutation]
 54069 | Vaults:5 | Gained mutation: You sometimes lose your temper in combat.
                  | [potion of mutation]
 54069 | Vaults:5 | Gained mutation: You have sharp fingernails. [potion of
                  | mutation]
 54070 | Vaults:5 | Lost mutation: You sometimes lose your temper in combat.
                  | [potion of mutation]
 54070 | Vaults:5 | Lost mutation: You have sharp fingernails. [potion of
                  | mutation]
 54070 | Vaults:5 | Gained mutation: You are partially covered in iridescent
                  | scales. (AC +2) [potion of mutation]
 54070 | Vaults:5 | Gained mutation: You are mostly covered in iridescent
                  | scales. (AC +4) [potion of mutation]
 54341 | Zot:1    | Entered Level 1 of the Realm of Zot
 54808 | Zot:1    | Received a gift from Trog
 56285 | Zot:2    | Received a gift from Trog
 56594 | Zot:2    | Reached XP level 25. HP: 226/238 MP: 0/22
 56896 | Zot:5    | Entered Level 5 of the Realm of Zot
 57382 | Zot:5    | Noticed an ancient lich
 57382 | Zot:5    | Noticed a dread lich
 57382 | Zot:5    | Noticed a Killer Klown
 57382 | Zot:5    | Noticed a Killer Klown
 57382 | Zot:5    | Noticed an ancient lich
 57383 | Zot:5    | Noticed an orb of fire
 57385 | Zot:5    | Noticed an ancient lich
 57385 | Zot:5    | Noticed a Killer Klown
 57389 | Zot:5    | Gained mutation: You sometimes lose your temper in combat.
                  | [an orb of fire]
 57397 | Zot:5    | Gained mutation: You have hidden genetic defects. [an orb
                  | of fire]
 57400 | Zot:5    | Gained mutation: Your body sometimes deteriorates upon
                  | taking damage. [an orb of fire]
 57401 | Zot:5    | Noticed an orb of fire
 57402 | Zot:5    | Noticed a Killer Klown
 57404 | Zot:5    | Got the Orb of Zot
 57405 | Zot:5    | Noticed an ancient lich
 57407 | Zot:5    | Gained mutation: You are weak. (Str -2) [an orb of fire]
 57407 | Zot:5    | Gained mutation: Your body often deteriorates upon taking
                  | damage. [an orb of fire]
 57409 | Zot:5    | Gained mutation: You are covered in fur. (AC +1) [an orb of
                  | fire]
 57412 | Zot:5    | Noticed a Killer Klown
 57413 | Zot:5    | Noticed an ancient lich
 57888 | D:4      | Noticed a seraph
 57898 | D:3      | Lost mutation: You have hidden genetic defects. [potion of
                  | mutation]
 57898 | D:3      | Lost mutation: You are covered in fur. (AC +1) [potion of
                  | mutation]
 57898 | D:3      | Gained mutation: Your system is resistant to poisons.
                  | (rPois) [potion of mutation]
 57898 | D:3      | Gained mutation: You have a pair of large horns on your
                  | head. [potion of mutation]
 57898 | D:3      | Gained mutation: You are somewhat resistant to further
                  | mutation. [potion of mutation]
 57899 | D:3      | Lost mutation: You have a pair of large horns on your head.
                  | [potion of mutation]
 57899 | D:3      | Lost mutation: Your body often deteriorates upon taking
                  | damage. [potion of mutation]
 57899 | D:3      | Lost mutation: Your body sometimes deteriorates upon taking
                  | damage. [potion of mutation]
 57900 | D:3      | Lost mutation: You sometimes lose your temper in combat.
                  | [potion of mutation]
 57900 | D:3      | Lost mutation: You are somewhat resistant to further
                  | mutation. [potion of mutation]
 57900 | D:3      | Lost mutation: You are weak. (Str -2) [potion of mutation]
 57900 | D:3      | Gained mutation: You are dopey. (Int -2) [potion of
                  | mutation]
 57900 | D:3      | Lost mutation: You are dopey. (Int -2) [potion of mutation]
 58021 | D:$      | Escaped with the Orb!

Illustrated notes

Levels and vault maps discovered:
D:1:      dpeg_arrival_brainrot, layout_basic
D:2:      layout_basic
D:3:      layout_basic, mainiacjoe_overflow_boulevard,
          mainiacjoe_overflow_alcove_4, chequers_serial_rivers_room_a,
          serial_park_tiny_pond, minmay_fractal_squares_diagonal_5
D:4:      layout_rooms, old_standard_altar, mainiacjoe_overflow_alcove_2,
          grunt_temple_overflow_opulence, fedhas_ov_isle_minmay,
          minmay_temple_entry_tees
D:5:      layout_basic
D:6:      layout_basic, lemuel_crystal_altar, doesnt_xom_only_xom,
          gammafunk_ghost_icy, minmay_joined_circles
D:7:      layout_rooms, gammafunk_ghost_stat_death
D:8:      layout_loops_ring, dpeg_lair_monsters, serial_shops,
          nicolae_shop_real_fake_doors, uniq_pikel, uniq_prince_ribbit1
D:9:      layout_basic, chequers_temple_overflow_minitemple, kennysheep_mini,
          st_stairs_9, hangedman_ranch
D:10:     layout_irregular_city, nicolae_overflow_crystal_walls,
          kennysheep_diamond
D:11:     minmay_the_grid_four_pointed_star
          [minmay_the_grid_triangle_9x9_warning,
          minmay_the_grid_triangle_9x9_semitri,
          minmay_the_grid_triangle_9x9_shrine,
          minmay_the_grid_triangle_9x9_zippers_horizontal,
          minmay_the_grid_prize_trominoes], layout_irregular_city,
          hiddenorc1_lemuel, uniq_josephine, uniq_harold
D:12:     layout_basic, st_stairs_11, evilmike_butchery, uniq_rupert,
          uniq_nessos
D:13:     layout_rooms, david_vaults_4, serial_demonic, serial_demonic_g,
          serial_demonic_g, serial_demonic_a, serial_demonic_a,
          serial_demonic_e, serial_demonic_e, serial_park_tiny_1
D:14:     layout_loops_ring, serial_shops, nicolae_stop_n_shop_1,
          hangedman_abyss_or_decor_clamps
D:15:     gammafunk_enter_depths_forms, layout_basic,
          portal_ice_cave_entry_pillars_four, solitary_fountain
Temple:   nicolae_temple_godpark
Lair:1:   layout_regular_city, enter_volcano_2, beast_lair_carwin_7
Lair:2:   dreamdust_cave_troll, layout_long_grid, guppyfry_snake_entry_garden,
          gammafunk_ghost_necromancy, st_stairs_13,
          chequers_serial_rivers_micro_b, nicolae_lair_liquid_snakes
Lair:3:   layout_regular_city, minmay_swamp_entry_wisps, nzn_ghost_randoct,
          minmay_holes, nicolae_quartered_pool_impasse, uniq_fannar
Lair:4:   layout_loops_ring, slime_entry_1
Lair:5:   due_jungle_book, layout_loops_ring, minmay_stone_trees_medium,
          grunt_megastairs_2, lemuel_fruit_tree
Swamp:1:  layout_falls_marsh, infiniplex_staircase_pool,
          nicolae_swamp_round_clearing
Swamp:2:  nicolae_swamp_ascending_descending_big, layout_basic_swamp,
          evilmike_swamp_ruin_house_2, uniq_roxanne
Swamp:3:  layout_basic_swamp, hangedman_swamp_ruin_wall, uniq_mara
Swamp:4:  swamp_pestilence, layout_basic_swamp
Snake:1:  layout_cave_shapes
Snake:2:  layout_concentric_octagons, nicolae_snake_gridmaze_swirls,
          minmay_shoptagon, uniq_louise
Snake:3:  cheibrodos_snake_ritualist_ritual, layout_concentric_octagons,
          basic_altar, uniq_kirke
Snake:4:  grunt_snake_rune_serpentine_throne, layout_misc_corridors, drop_trap,
          st_stairs_13, nicolae_snake_shapes
Orc:1:    layout_caves, basic_altar
Orc:2:    st_orc_elflike, layout_caves, serial_shops, nicolae_shop_rolled_up,
          nicolae_orc_stony_grotto
Elf:1:    eino_elf_arrival_the_gate, layout_geoelf_diagonals, serial_shops,
          nicolae_shop_industrial_runoff, hangedman_corner_corridor,
          st_stairs_11, minmay_fountain_box
Elf:2:    elven_hall_of_blades_hangedman_original
          [nicolae_blade_entry_area_security], layout_onion_city,
          lemuel_elevator, lemuel_upstairs_altar
Elf:3:    minmay_elf_hall_statues, layout_gridlike, minmay_misc_feat_rows
Vaults:1: nicolae_vaults_cornered_office, nicolae_vaults_loss_of_containment,
          nicolae_vaults_network_square, nicolae_vaults_trapezoid_3,
          nicolae_vaults_taking_the_gang_shopping, v_misc_19,
          nicolae_vaults_house_1, vaults_dpeg_emergency_exit,
          nicolae_vaults_heart-shaped_vault, ontoclasm_vaults_eye,
          nicolae_vaults_two_Ls, layout_vaults_big_room, serial_shops,
          nicolae_shop_window_shopping
Vaults:2: nicolae_vaults_frosty_reception, nicolae_vaults_tetromino_T_2,
          nicolae_vaults_murderbox, vaults_dpeg_doors,
          ontoclasm_vaults_claustrophobia, minmay_crypt_entry_simple_box,
          hangedman_vaults_capsules, nicolae_vaults_network_barrier,
          grunt_vaults_hallway_long, nicolae_vaults_tetromino_L_1,
          nicolae_vaults_shelves_hall, layout_vaults_omnicross
Vaults:3: ontoclasm_vaults_ring_square, v_rooms_3, ontoclasm_vaults_shuriken,
          grunt_vaults_twisty, v_misc_1, nicolae_vaults_trapezoid_3,
          nicolae_vaults_asterisk, nicolae_vaults_tetromino_Z_1,
          layout_vaults_omnigrid
Vaults:4: mu_enter_wizlab_4, hangedman_vaults_cutoff, v_misc_25,
          ontoclasm_vaults_loading_screen, nicolae_vaults_big_angled_halls,
          nicolae_vaults_more_shelving_1, v_misc_9,
          nicolae_vaults_halls_meeting, v_misc_27,
          ontoclasm_vaults_decontamination,
          nicolae_vaults_offset_grid_hallway_3, nicolae_vaults_little_squares_5,
          nicolae_vaults_diamond_2, layout_vaults_ring, serial_shops, shop,
          uniq_xtahua
Vaults:5: serial_shops, uniq_sojobo
Depths:1: layout_big_octagon, enter_ziggurat_d, hangedman_abyss_entry_splay,
          chequers_serial_rivers_large_b, hell_entry, nzn_random_ring
Depths:2: kennysheep_windowed_halls, layout_cave_pools, pan_entry,
          serial_sigils_hangedman_etch, pf_hell_entry_tar_river,
          chequers_decorated_corner, uniq_vv
Depths:3: nicolae_legendary_halls, layout_gridville, elyvilon_altar_3,
          grunt_pan_entry_in_and_out, grunt_mini_vestibule, abyss_entry,
          serial_rivers, chequers_serial_rivers_large_a,
          chequers_serial_rivers_small_b, chequers_serial_rivers_micro_d,
          chequers_serial_rivers_micro_a, serial_bayou_shore_b,
          minmay_staircase_windowed_large
Depths:4: evilmike_zot_entry_basic, layout_honeycomb, hellmouth_1,
          old_standard_altar
Zot:1:    layout_twisted_circle
Zot:2:    layout_twisted_circle
Zot:3:    layout_basic, st_stairs_10, hangedman_zot_diagonal_lockstep
Zot:4:    infiniplex_zot_generator, layout_basic, amethyst_zot_foddershock,
          uniq_josephina
Zot:5:    layout_twisted_circle, st_stairs_14

Skill      XL: |  1  2  3  4  5  6  7  8  9 10 11 12 13 14 15 16 17 18 19 20 21 22 23 24 25 |
---------------+----------------------------------------------------------------------------+-----
Axes           | 4 5 6 8 9 11 14 16 18 | 18.0
Armour         | 3 10 14 16 18 21 22 | 22.3
Dodging        | 4 10 11 14 16 18 22 23 | 23.1
Fighting       | 5 10 14 16 18 20 22 23 | 23.1
Throwing       | 7 13 14 | 14.7
Shields        | 11 12 15 18 22 23 | 23.9
Evocations     | 3 7 11 12 13 16 | 16.0
Stealth        | 5 7 |  7.3

Action                     |  1- 3 |  4- 6 |  7- 9 | 10-12 | 13-15 | 16-18 | 19-21 | 22-24 | 25-27 || total
---------------------------+-------+-------+-------+-------+-------+-------+-------+-------+-------++-------
  Melee: Hand axe          |    92 |     4 |   224 |   443 |   287 |       |       |       |       ||  1050
         Headbutt          |    18 |    26 |    42 |   100 |   228 |   272 |   416 |   476 |    66 ||  1644
         Whip              |       |   152 |    33 |    10 |       |       |       |       |       ||   195
         Punch             |       |     2 |     3 |       |       |       |       |       |       ||     5
         Broad axe         |       |       |       |       |   710 |  1166 |  1429 |  1656 |   199 ||  5160
         War axe           |       |       |       |       |    33 |    42 |       |       |       ||    75
         Unarmed           |       |       |       |       |       |     9 |       |       |       ||     9
         Eveningstar       |       |       |       |       |       |     4 |       |       |       ||     4
  Throw: Dart              |       |       |     1 |     5 |     5 |       |       |       |       ||    11
         Boomerang         |       |       |       |       |       |       |     8 |       |       ||     8
 Invoke: Berserk           |       |     1 |     3 |     6 |     1 |       |       |       |       ||    11
         Trog's Hand       |       |       |     1 |       |       |     1 |     4 |     3 |     1 ||    10
         Brothers in Arms  |       |       |       |     2 |       |     8 |     4 |       |       ||    14
  Evoke: Wand              |       |       |       |     2 |       |       |     3 |     4 |       ||     9
    Use: Scroll            |     7 |     6 |     7 |     6 |    12 |    14 |     8 |    15 |     7 ||    82
         Potion            |       |       |     2 |     5 |     4 |     4 |     3 |     5 |    12 ||    35
   Stab: Invisible         |       |       |       |     4 |       |       |     9 |    31 |     5 ||    49
         Petrified         |       |       |       |       |     3 |       |       |       |       ||     3
         Sleeping          |       |       |       |       |       |     5 |       |       |       ||     5
         Distracted        |       |       |       |       |       |     2 |       |       |       ||     2
         Confused          |       |       |       |       |       |       |       |     2 |       ||     2
 Armour: Ring mail         |    26 |    19 |       |       |       |       |       |       |       ||    45
         Chain mail        |       |    44 |    36 |       |       |       |       |       |       ||    80
         Plate armour      |       |       |    64 |   164 |   142 |   193 |   286 |       |       ||   849
         Scale mail        |       |       |       |    31 |   119 |       |       |       |       ||   150
         Acid dragon scale |       |       |       |       |       |    71 |       |       |       ||    71
         Gold dragon scale |       |       |       |       |       |       |    24 |   323 |    87 ||   434
         Crystal plate arm |       |       |       |       |       |       |       |     1 |       ||     1
  Dodge: Dodged            |    46 |    73 |    94 |   202 |   367 |   481 |   616 |   636 |    91 ||  2606
  Block: Tower shield      |       |       |       |   208 |   857 |  1096 |  1214 |  1559 |   197 ||  5131
